 Dungeon Crawl Stone Soup version 0.20-a0-2-g2b0e13a (webtiles) character file.

59746 motku00 the Spry (level 14, 0/89 HPs)
             Began as a Felid Conjurer on Oct 29, 2016.
             Was a High Priest of Sif Muna.
             Slain by an entropy weaver (3 damage)
             ... on level 4 of the Lair of Beasts.
             The game lasted 02:35:15 (44184 turns).

motku00 the Spry (Felid Conjurer)                  Turns: 44184, Time: 02:35:17

Health: 0/89       AC:  2    Str:  2    XL:     14   Next: 54%
Magic:  10/29      EV: 31    Int: 22    God:    Sif Muna [*****.]
Gold:   1996       SH:  0    Dex: 17    Spells: 8 memorised, 6 levels left
                                        Lives:  0   Deaths: 2

rFire  . . .     SeeInvis +       - Unarmed
rCold  + . .     Gourm    .     (armour unavailable)
rNeg   + . .     Faith    .     (shield unavailable)
rPois  ∞         Spirit   .     (helmet unavailable)
rElec  +         Reflect  .     (cloak unavailable)
rCorr  +         Harm     .     (gloves unavailable)
MR     ++...                    (boots unavailable)
Stlth  +++++.....               (no amulet)
                                T - ring "Dirieb" {+Fly rC+ Str-3 Slay+5}
                                G - ring of resist corrosion

@: statue-form, corroded, very slightly contaminated, divine energy, very slow
A: no armour, no weapons or thrown items, stealth, claws 1, fangs 3, see
invisible, carnivore 3, (speed 0), (shaggy fur 0), slow metabolism 1, sharp paws
a: End Transformation, Stop Divine Energy, Channel Magic, Forget Spell, Renounce
Religion, Evoke Flight


You were on level 4 of the Lair of Beasts.
You worshipped Sif Muna.
Sif Muna was extremely pleased with you.
You were not hungry.
You were a stone statue.
You visited 7 branches of the dungeon, and saw 29 of its levels.
You visited 1 bazaar.
You also visited: Volcano.

You collected 2548 gold pieces.
You spent 552 gold pieces at shops.

Inventory:

Jewellery
 c - an uncursed amulet of harm
 j - an uncursed ring of magical power
 k - a +4 ring of strength
 z - an uncursed ring of protection from fire
 C - a +4 ring of intelligence
 G - a ring of resist corrosion (left paw)
 T - the ring "Dirieb" (right paw) {+Fly rC+ Str-3 Slay+5}
   (You found it on level 10 of the Dungeon)

   [ring of flight]

   It affects your strength (-3).
   It affects your accuracy and damage with ranged weapons and melee attacks
   (+5).
   It protects you from cold.
   It lets you fly.
 Y - a +2 ring of protection
Wands
 l - a wand of teleportation (0/9)
 m - a wand of heal wounds (0/9)
 w - a wand of heal wounds (2/9)
 P - a wand of disintegration (3/24)
Scrolls
 i - 8 scrolls of recharging
 r - 7 scrolls of remove curse
 J - a scroll of silence
 L - a scroll of fog
 N - a scroll of identify
 O - a scroll of summoning
 S - a scroll of amnesia
 U - 3 scrolls of holy word
Potions
 e - 4 potions of might
 f - 2 potions of berserk rage
 g - 4 potions of brilliance
 p - 2 potions of cure mutation {unknown}
 q - 3 potions of lignification {unknown}
 s - 4 potions of degeneration
 u - 15 potions of curing
 v - a potion of resistance {unknown}
 x - 7 potions of flight
 A - a potion of magic {unknown}
 D - 7 potions of cancellation
 F - 3 potions of heal wounds
 W - a potion of ambrosia {unknown}
 Z - a potion of invisibility
Books
 a - a Fen Folio

   Spells                             Type                      Level
   a - Corpse Rot                     Necromancy                   2
   b - Stone Arrow                    Conjuration/Earth            3
   c - Leda's Liquefaction            Hexes/Earth                  4
   d - Summon Forest                  Summoning/Translocation      5
   e - Hydra Form                     Transmutation                6
   f - Summon Hydra                   Summoning                    7
 n - a book of Death

   Spells                             Type                      Level
   a - Corpse Rot                     Necromancy                   2
   b - Sublimation of Blood           Necromancy                   2
   c - Agony                          Necromancy                   5
   d - Dispel Undead                  Necromancy                   5
   e - Excruciating Wounds            Charms/Necromancy            5
   f - Bolt of Draining               Conjuration/Necromancy       5
 o - a book of Misfortune

   Spells                             Type                      Level
   a - Confusing Touch                Hexes                        1
   b - Confuse                        Hexes                        3
   c - Gell's Gravitas                Hexes/Translocation          3
   d - Petrify                        Transmutation/Earth          4
   e - Metabolic Englaciation         Hexes/Ice                    5
   f - Yara's Violent Unravelling     Hexes/Transmutation          5
 y - Cyamal's Incunabulum of Twisted Changing
   (Sif Muna gifted it to you on level 1 of the Elven Halls)

   Spells                             Type                      Level
   a - Spider Form                    Transmutation/Poison         3
   b - Irradiate                      Conjuration/Transmutation    5
   c - Alistair's Intoxication        Transmutation/Poison         5
   d - Blade Hands                    Transmutation                5
   e - Hydra Form                     Transmutation                6
   f - Haunt                          Necromancy/Summoning         7
 E - the Disquisition on Sinister Rituals
   (You found it on level 1 of the Elven Halls)

   Spells                             Type                      Level
   a - Animate Skeleton               Necromancy                   1
   b - Sublimation of Blood           Necromancy                   2
   c - Vampiric Draining              Necromancy                   3
   d - Excruciating Wounds            Charms/Necromancy            5
   e - Cigotuvi's Embrace             Necromancy                   5
 I - a book of the Earth

   Spells                             Type                      Level
   a - Leda's Liquefaction            Hexes/Earth                  4
   b - Bolt of Magma                  Conjuration/Fire/Earth       5
   c - Statue Form                    Transmutation/Earth          6
   d - Iron Shot                      Conjuration/Earth            6
   e - Shatter                        Earth                        9
 K - Sif Muna's Volume of Boosting Conjuration
   (Sif Muna gifted it to you on level 3 of the Lair of Beasts)

   Spells                             Type                      Level
   a - Song of Slaying                Charms                       2
   b - Throw Flame                    Conjuration/Fire             2
   c - Stone Arrow                    Conjuration/Earth            3
   d - Lightning Bolt                 Conjuration/Air              5
   e - Conjure Ball Lightning         Conjuration/Air              6
   f - Spellforged Servitor           Conjuration/Summoning        7
 V - a book of Summonings

   Spells                             Type                      Level
   a - Recall                         Summoning/Translocation      3
   b - Aura of Abjuration             Summoning                    5
   c - Summon Demon                   Summoning                    5
   d - Summon Forest                  Summoning/Translocation      5
   e - Summon Mana Viper              Hexes/Summoning              5
   f - Shadow Creatures               Summoning                    6
Miscellaneous
 H - a fan of gales
 M - a sack of spiders
Comestibles
 b - 13 meat rations
 h - 4 beef jerkies
 B - 11 slices of pizza
 R - 16 royal jellies


   Skills:
 - Level 12.0 Fighting
 - Level 15.0 Dodging
 - Level 11.0 Stealth
 + Level 8.3 Unarmed Combat
 - Level 10.2 Spellcasting
 - Level 11.1 Conjurations
 - Level 10.1 Charms
 + Level 11.2 Transmutations
 - Level 9.0 Earth Magic


You had 6 spell levels left.
You knew the following spells:

 Your Spells              Type           Power        Failure   Level  Hunger
a - Searing Ray           Conj           ######       1%          2    None
b - Iskenderun's Mystic   Conj           ######..     1%          4    ##.....
c - Iskenderun's Battles  Conj/Chrm      ######..     1%          5    ####...
d - Confusing Touch       Hex            ##....       8%          1    None
e - Statue Form           Tmut/Erth      ######...    17%         6    ######.
f - Magic Dart            Conj           ####         1%          1    None
g - Regeneration          Chrm/Necr      ####......   1%          3    None
h - Blade Hands           Tmut           ######....   1%          5    ####...


Dungeon Overview and Level Annotations

Branches:
Dungeon (15/15)            Temple (0/1) D:5            Lair (6/6) D:8
 Shoals (1/4) Lair:2       Spider (2/4) Lair:4        Slime (0/5) Lair:6
    Orc (2/2) D:10            Elf (2/3) Orc:2        Vaults (0/5) D:14
 Depths (1/5) D:15

Altars:
Ashenzari
Cheibriados
Dithmenos
Elyvilon
Kikubaaqudgha
Nemelex Xobeh
Okawaru
Qazlal
Ru
Sif Muna
Xom
Zin
The Shining One

Shops:
Orc:2 (}(}??

Annotations:
D:3 exclusion: 2 downstairs
D:5 exclusion: downstairs
D:9 exclusion: downstairs
D:13 exclusion: downstairs
Lair:5 exclusions: 2 downstairs and 3 oklob plants
Lair:6 1 exclusion
Orc:1 exclusion: downstairs
Elf:1 exclusion: 2 downstairs


Innate Abilities, Weirdness & Mutations

You cannot wear armour.
You are incapable of wielding weapons or throwing items.
Your paws allow you to move quietly. (Stealth)
You have sharp claws.
You have razor-sharp teeth.
You have supernaturally acute eyesight. (SInv)
You are carnivorous and can eat meat at any time.
((You cover ground quickly.))
((Your thick and shaggy fur keeps you warm. (AC +3, rC+)))
You have a slow metabolism.
Your sharp claws are effective at attacking unaware monsters.


Message History

* * * LOW HITPOINT WARNING * * *
The entropy weaver completely misses you.
Unknown command.
You scratch the entropy weaver but do no damage.
The entropy weaver hits you!
* * * LOW HITPOINT WARNING * * *
The entropy weaver misses you. The entropy weaver closely misses you.
The entropy weaver hits you!
* * * LOW HITPOINT WARNING * * *
The entropy weaver mumbles some strange words.
Okay, then.
Okay, then.
You feel much better. The entropy weaver hits you!
* * * LOW HITPOINT WARNING * * *
The entropy weaver hits you.
* * * LOW HITPOINT WARNING * * *
The entropy weaver hits you!
* * * LOW HITPOINT WARNING * * *
The entropy weaver hits you.
You die...

#...## #........#.## #.. ##..#
##.#....#...# ##. #...##
##.........# ♣.. ##...###
##P...##..##### ♣♣. .......#
#P....#...##.# ♣♣ ....)#.#
#............# ♣♣ .....###
##...........♣♣ ♣♣♣. ##....#
#...........♣♣ ♣♣♣♣..♣
##P...######....8.....♣ ♣♣♣.....♣
........P##....a.....♣♣♣♣..♣♣♣.♣.
..................##♣♣♣♣.♣♣♣ ♣♣♣♣
.........P.#........♣♣♣.♣♣ ♣♣♣♣♣♣
......PP...#P...##..♣♣.♣♣ ♣.♣♣.♣
......PP........###.♣.♣♣ #♣..<..
.....P#P........# #...♣ #......
....####..###>### ##.## ##......
#...# ##..#P..# ### #.##....


You could see an entropy weaver.

Vanquished Creatures
  Agnes (D:15)
  An orc warlord (Orc:1)
  An emperor scorpion (Spider:1)
  Snorg (D:11)
  An ettin (Orc:2)
  A deep elf death mage (Elf:1)
  Erolcha (Orc:1)
  Fannar (Orc:1)
  An ice dragon (D:15)
  A vault guard (D:14)
  10 hydras
  The ghost of brucemayne the Cleaver, a journeyman DsBe of Trog (Orc:2)
  5 catoblepae
  A centaur warrior (D:15)
  Erica (D:9)
  2 dancing weapons
  2 tengu warriors
  5 death yaks
  6 orc high priests (Orc:2)
  Urug (Orc:1)
  4 deep elf knights (Elf:1)
  8 hill giants
  3 necromancers (Elf:1)
  8 orc knights (Orc:2)
  7 deep elf archers
  2 orb spiders (Spider:1)
  2 wolf spiders (Spider:1)
  17 deep elf magi
  2 orc sorcerers (Orc:2)
  4 manticores
  An elephant (Lair:1)
  An oklob plant (Lair:5)
  5 cyclopes
  2 ugly things
  5 black mambas
  A centaur zombie (D:15)
  An eye of devastation (Lair:6)
  A guardian serpent (shapeshifter) (Elf:1)
  A gargoyle (D:14)
  6 spiny frogs
  2 torpor snails
  4 rime drakes
  A freezing wraith (D:13)
  10 komodo dragons
  2 demonic crawlers (Spider:1)
  A yaktaur (shapeshifter) (D:14)
  8 trolls
  A queen bee (shapeshifter) (D:13)
  3 jumping spiders (Spider:1)
  A merfolk (Shoals:1)
  11 polar bears
  4 raiju (Lair:6)
  24 blink frogs
  4 two-headed ogres
  7 slime creatures
  20 hippogriffs
  A blink frog (shapeshifter) (Elf:1)
  3 dream sheep (Lair:4)
  18 redbacks
  2 spriggans
  5 water elementals
  A shadow (D:15)
  9 tarantellas (Spider:1)
  2 air elementals
  4 wyverns
  A vampire (D:11)
  3 basilisks
  2 wraiths
  A fire elemental (Elf:1)
  18 yaks
  Eustachio (D:4)
  7 fire bats (Volcano)
  2 steam dragons (Lair:6)
  A redback simulacrum (D:15)
  2 hungry ghosts (D:9)
  7 vampire mosquitoes (D:15)
  10 wargs
  A swamp worm (shapeshifter) (Elf:1)
  4 mottled dragons
  15 water moccasins
  2 large abominations (Elf:1)
  9 soldier ants (Spider:1)
  6 porcupines
  6 hell hounds
  13 black bears (Lair:6)
  43 orc warriors
  7 ice beasts
  5 sky beasts
  An eye of draining (Lair:6)
  4 boggarts (Lair:4)
  A necrophage (D:5)
  2 phantoms (D:4)
  14 ogres
  12 crocodiles
  28 wolves
  4 centaurs
  Blork the orc (D:6)
  2 elf zombies (Elf:1)
  2 big kobolds
  2 earth elementals (Elf:1)
  22 bullfrogs
  A wyvern skeleton (D:10)
  8 scorpions
  10 killer bees
  7 wights
  A howler monkey (D:9)
  3 electric eels
  7 lava snakes (Volcano)
  A bullfrog zombie (D:8)
  7 crimson imps
  5 jellies
  A quasit (D:9)
  2 gnoll shamans
  32 orc priests
  20 hounds
  21 orc wizards
  Jessica (D:3)
  6 centaur skeletons
  10 iguanas
  4 hell rats (Lair:6)
  14 worker ants
  2 hound zombies
  A hound skeleton (D:5)
  A howler monkey skeleton (D:10)
  A worker ant zombie (D:8)
  14 gnolls
  11 adders
  4 shadow imps
  3 oozes
  An adder skeleton (D:5)
  4 worms
  A dart slug (D:5)
  5 leopard geckos
  119 orcs
  2 ball pythons
  5 bats
  4 giant cockroaches
  5 goblins
  5 hobgoblins
  14 jackals
  6 quokkas
  8 frilled lizards
  A jackal skeleton (D:8)
  13 kobolds
  A quokka skeleton (D:9)
  9 rats
  A plant (Lair:5)
936 creatures vanquished.

Vanquished Creatures (collateral kills)
  A deep elf knight (Elf:2)
1 creature vanquished.

Vanquished Creatures (others)
  A centaur warrior (Volcano)
  A centaur (Volcano)
  17 fungi
  50 plants
69 creatures vanquished.

Grand Total: 1006 creatures vanquished

Notes
Turn   | Place    | Note
-------+----------+-------------------------------------------
     0 | D:1      | motku00 the Felid Conjurer began the quest for the Orb.
     0 | D:1      | Reached XP level 1. HP: 7/7 MP: 4/4
   225 | D:1      | Reached XP level 2. HP: 11/11 MP: 1/6
   282 | D:1      | Learned a level 2 spell: Searing Ray
   597 | D:1      | Found a shattered altar of Ashenzari.
  1123 | D:2      | Found a faded altar of an unknown god.
  1635 | D:2      | Found a sacrificial altar of Ru.
  1674 | D:2      | Reached XP level 3. HP: 14/14 MP: 7/7
  2067 | D:2      | Reached XP level 4. HP: 18/18 MP: 9/9
  2365 | D:2      | Found a glowing silver altar of Zin.
  2391 | D:2      | Found a deep blue altar of Sif Muna.
  2476 | D:2      | Became a worshipper of Sif Muna the Loreminder
  2737 | D:3      | Reached skill level 5 in Conjurations
  2737 | D:3      | Reached XP level 5. HP: 21/21 MP: 10/11
  2959 | D:3      | Noticed Jessica
  2987 | D:3      | Killed Jessica
  3570 | D:3      | Learned a level 4 spell: Iskenderun's Mystic Blast
  3610 | D:4      | Noticed Eustachio
  3760 | D:4      | Gained mutation: You are covered in thick fur. (AC +2) [Felid growth]
  3760 | D:4      | Reached XP level 6. HP: 20/24 MP: 6/12
  3886 | D:4      | Killed Eustachio
  4068 | D:4      | Reached * piety under Sif Muna
  4407 | D:4      | Reached XP level 7. HP: 27/27 MP: 14/14
  4762 | D:4      | Found a shimmering altar of Xom.
  4773 | D:4      | Found a sparkling altar of Nemelex Xobeh.
  4824 | D:4      | Reached skill level 5 in Spellcasting
  4845 | D:4      | Learned a level 5 spell: Iskenderun's Battlesphere
  4897 | D:4      | Found a shadowy altar of Dithmenos.
  5042 | D:5      | Entered Level 5 of the Dungeon
  5087 | D:5      | Reached ** piety under Sif Muna
  5087 | D:5      | Reached skill level 1 in Charms
  5649 | D:5      | Reached XP level 8. HP: 28/31 MP: 17/17
  5899 | D:5      | Found a white marble altar of Elyvilon.
  5968 | D:5      | Found a staircase to the Ecumenical Temple.
  6021 | D:5      | Found a glowing golden altar of the Shining One.
  6021 | D:5      | Found a faded altar of an unknown god.
  6026 | D:5      | Found a stormy altar of Qazlal.
  6028 | D:5      | Found a snail-covered altar of Cheibriados.
  6029 | D:5      | Found an iron altar of Okawaru.
  6614 | D:6      | HP: 1/31 [orc wizard/dagger (2)]
  7104 | D:6      | Noticed Blork the orc
  7111 | D:6      | Killed Blork the orc
  7281 | D:6      | Reached skill level 5 in Charms
  7563 | D:7      | Reached *** piety under Sif Muna
  7908 | D:7      | Reached XP level 9. HP: 23/34 MP: 12/19
  8330 | D:8      | Reached skill level 1 in Fighting
  9026 | D:8      | Found a staircase to the Lair.
  9066 | Lair:1   | Entered Level 1 of the Lair of Beasts
  9094 | Lair:1   | Reached **** piety under Sif Muna
  9237 | Lair:1   | HP: 1/39 [wolf (4)]
  9240 | Lair:1   | Noticed an elephant
  9557 | Lair:1   | Killed an elephant
  9557 | Lair:1   | Reached skill level 10 in Charms
  9557 | Lair:1   | Reached XP level 10. HP: 42/42 MP: 21/22
  9562 | Lair:1   | Reached skill level 3 in Dodging
  9735 | Lair:1   | Reached skill level 4 in Dodging
 10004 | Lair:1   | Noticed a black mamba
 10009 | Lair:1   | Killed a black mamba
 10009 | Lair:1   | Reached skill level 5 in Fighting
 10009 | Lair:1   | Reached skill level 5 in Stealth
 10021 | Lair:1   | Reached skill level 5 in Dodging
 10432 | Lair:1   | Noticed a black mamba
 10436 | Lair:1   | Killed a black mamba
 10794 | Lair:2   | Reached skill level 6 in Dodging
 10858 | Lair:2   | Reached XP level 11. HP: 48/48 MP: 14/24
 10865 | Lair:2   | Learned a level 1 spell: Confusing Touch
 10916 | Lair:2   | Noticed a catoblepas
 11202 | Lair:2   | Found a staircase to the Shoals.
 11583 | Lair:2   | Killed a catoblepas
 11899 | Lair:2   | Reached skill level 7 in Dodging
 12402 | Lair:3   | Noticed a five-headed hydra
 12439 | Lair:3   | Killed a five-headed hydra
 12664 | Lair:3   | Reached ***** piety under Sif Muna
 12796 | Lair:3   | Noticed an eight-headed hydra
 12827 | Lair:3   | Killed an eight-headed hydra
 12827 | Lair:3   | Identified Sif Muna's Volume of Boosting Conjuration (Sif Muna gifted it to you on level 3 of the Lair of Beasts)
 12827 | Lair:3   | Received a gift from Sif Muna
 12827 | Lair:3   | Reached skill level 8 in Dodging
 13579 | Lair:4   | Reached skill level 10 in Stealth
 13645 | Lair:4   | Found a hole to the Spider Nest.
 13689 | Lair:4   | Reached skill level 9 in Dodging
 13703 | Lair:4   | Gained mutation: Your thick and shaggy fur keeps you warm. (AC +3, rC+) [Felid growth]
 13703 | Lair:4   | Reached XP level 12. HP: 55/55 MP: 26/26
 13859 | Lair:4   | Noticed a seven-headed hydra
 13983 | Lair:4   | Killed a seven-headed hydra
 14660 | Lair:5   | Reached skill level 10 in Dodging
 14671 | Lair:5   | Found a dark tunnel.
 14767 | Volcano  | Entered a volcano
 15300 | Volcano  | Found a bloodstained altar of Trog.
 15300 | Volcano  | Noticed a centaur warrior
 15438 | Volcano  | Killed a centaur warrior
 16077 | Lair:5   | Noticed a death yak
 16595 | Lair:5   | Noticed a death yak
 16612 | Lair:5   | Noticed a death yak
 16645 | Lair:5   | Killed a death yak
 16734 | Lair:5   | Noticed a death yak
 16745 | Lair:5   | Noticed a death yak
 16806 | Lair:5   | Killed a death yak
 16806 | Lair:5   | Reached skill level 11 in Dodging
 16806 | Lair:5   | Reached skill level 10 in Conjurations
 16979 | Lair:5   | Killed a death yak
 17564 | Lair:5   | Noticed a catoblepas
 17568 | Lair:5   | Killed a catoblepas
 17734 | Lair:5   | Noticed a four-headed hydra
 17754 | Lair:5   | Killed a four-headed hydra
 17897 | Lair:6   | Entered Level 6 of the Lair of Beasts
 17950 | Lair:6   | Reached XP level 13. HP: 60/60 MP: 18/27
 18254 | Lair:6   | Found a staircase to the Slime Pits.
 18911 | Lair:6   | Reached skill level 12 in Dodging
 18995 | Lair:6   | Reached skill level 10 in Fighting
 19131 | Lair:6   | Noticed a fire dragon
 20874 | Lair:6   | Reached skill level 10 in Spellcasting
 21754 | Lair:6   | Identified Sif Muna's Compendium of the Supportive Glacier (Sif Muna gifted it to you on level 6 of the Lair of Beasts)
 21754 | Lair:6   | Received a gift from Sif Muna
 22257 | Lair:6   | Reached skill level 13 in Dodging
 24075 | D:9      | Found a glowing golden altar of the Shining One.
 24225 | D:9      | Noticed Erica
 24231 | D:9      | Killed Erica
 24231 | D:9      | Reached XP level 14. HP: 67/67 MP: 16/29
 24542 | D:10     | Entered Level 10 of the Dungeon
 24875 | D:10     | Found a staircase to the Orcish Mines.
 25396 | D:10     | Got a faintly glowing ivory ring
 25428 | D:10     | Identified the ring "Dirieb" {+Fly rC+ Str-3 Slay+5} (You found it on level 10 of the Dungeon)
 25883 | Orc:1    | Entered Level 1 of the Orcish Mines
 25883 | Orc:1    | Noticed Fannar
 25891 | Orc:1    | Killed Fannar
 25891 | Orc:1    | Reached skill level 14 in Dodging
 26084 | Orc:1    | Noticed Urug
 26117 | Orc:1    | Killed Urug
 26422 | Orc:1    | Noticed an orc warlord
 26450 | Orc:1    | Killed an orc warlord
 26885 | Orc:1    | Noticed Erolcha
 26888 | Orc:1    | Killed Erolcha
 27121 | Orc:2    | Entered Level 2 of the Orcish Mines
 27247 | Orc:2    | Found a staircase to the Elven Halls.
 27578 | Orc:2    | Found Qoguis's Weapon Shoppe.
 27928 | Orc:2    | Noticed brucemayne's ghost (journeyman DsBe)
 27981 | Orc:2    | Killed brucemayne's ghost
 27981 | Orc:2    | Reached skill level 15 in Dodging
 28240 | Orc:2    | Reached skill level 1 in Unarmed Combat
 28375 | Orc:2    | Found Forheg's Magic Scroll Emporium.
 28387 | Orc:2    | Bought a scroll of fog for 22 gold pieces
 28387 | Orc:2    | Bought a scroll of identify for 22 gold pieces
 28387 | Orc:2    | Bought a scroll of identify for 22 gold pieces
 29767 | Orc:2    | Reached skill level 5 in Unarmed Combat
 30843 | Orc:2    | Found Siasa's Magic Scroll Boutique.
 30846 | Orc:2    | Found Jeps's Antique Weapon Boutique.
 30847 | Orc:2    | Found Tavievit's Gadget Boutique.
 30848 | Orc:2    | Found Neamaur's Gadget Shop.
 30855 | Orc:2    | Bought a scroll of identify for 28 gold pieces
 30855 | Orc:2    | Bought a scroll of identify for 28 gold pieces
 30855 | Orc:2    | Bought a scroll of identify for 28 gold pieces
 30855 | Orc:2    | Bought a scroll of recharging for 133 gold pieces
 30855 | Orc:2    | Bought a scroll of identify for 28 gold pieces
 30995 | D:10     | Received a gift from Sif Muna
 31008 | D:10     | Learned a level 6 spell: Statue Form
 31175 | D:11     | Reached skill level 1 in Earth Magic
 31330 | D:11     | Reached skill level 1 in Transmutations
 31443 | D:11     | Noticed Snorg
 31549 | D:11     | Killed Snorg
 33033 | D:12     | Found a flickering gateway to a bazaar.
 33039 | Bazaar   | Entered a bazaar
 33039 | Bazaar   | Found Utearche's General Store.
 33039 | Bazaar   | Found Gokif's Antique Armour Boutique.
 33041 | Bazaar   | Found Lodeerim's Magic Scroll Boutique.
 33063 | Bazaar   | Found Gunauwex's Antique Weapon Emporium.
 33071 | Bazaar   | Found Archofruc's Gadget Emporium.
 33111 | Bazaar   | Bought a potion of cancellation for 96 gold pieces
 33111 | Bazaar   | Bought a potion of heal wounds for 60 gold pieces
 33122 | Bazaar   | Bought a scroll of identify for 18 gold pieces
 33122 | Bazaar   | Bought a scroll of blinking for 67 gold pieces
 33408 | D:12     | Reached XP level 15. HP: 65/72 MP: 4/30
 34497 | D:13     | Reached skill level 5 in Transmutations
 35303 | D:13     | Found a shadowy altar of Dithmenos.
 35412 | D:13     | Identified Imeurph Xenio's Disquisition on Confrontation (Sif Muna gifted it to you on level 13 of the Dungeon)
 35412 | D:13     | Received a gift from Sif Muna
 35772 | D:14     | Reached skill level 5 in Earth Magic
 36189 | D:14     | Found an ancient bone altar of Kikubaaqudgha.
 36275 | D:14     | Learned a level 3 spell: Regeneration
 36879 | D:14     | Found a gate to the Vaults.
 37155 | D:15     | Entered Level 15 of the Dungeon
 37609 | D:15     | Noticed Agnes
 37659 | D:15     | HP: 2/72 [Agnes/antimagic lajatang (22)]
 38592 | Spider:1 | Entered Level 1 of the Spider Nest
 38818 | Elf:1    | Entered Level 1 of the Elven Halls
 39721 | Elf:1    | Identified Cyamal's Incunabulum of Twisted Changing (Sif Muna gifted it to you on level 1 of the Elven Halls)
 39721 | Elf:1    | Received a gift from Sif Muna
 39803 | Elf:1    | Learned a level 5 spell: Blade Hands
 39996 | Elf:1    | Identified the Disquisition on Sinister Rituals
 41144 | Shoals:1 | Entered Level 1 of the Shoals
 41251 | Shoals:1 | Killed from afar by a merfolk aquamancer
 41252 | Shoals:1 | Reached XP level 14. HP: 0/69 MP: 21/38
 41252 | Shoals:1 | Noticed a stone giant
 41491 | Elf:1    | Reached XP level 15. HP: 29/72 MP: 30/30
 41551 | Elf:2    | Reached skill level 10 in Transmutations
 42184 | D:15     | Killed Agnes
 42840 | D:15     | Killed from afar by an ice dragon
 42841 | D:15     | Reached XP level 14. HP: -6/103 MP: 4/38
 42941 | D:15     | Found a staircase to the Depths.
 43037 | Depths:1 | Entered Level 1 of the Depths
 43041 | Depths:1 | Noticed a green very ugly thing
 43764 | Spider:1 | Noticed an entropy weaver
 43851 | Spider:1 | Noticed an emperor scorpion
 43971 | Spider:1 | Noticed an entropy weaver
 44090 | Spider:1 | HP: 2/89 [emperor scorpion (6)]
 44094 | Spider:1 | Killed an emperor scorpion
 44183 | Lair:4   | HP: 1/89 [entropy weaver (12)]
 44184 | Lair:4   | Slain by an entropy weaver

Vault maps used:
D:1:      dpeg_arrival_simpleton_b, hex_medium, st_stairs_12,
          minmay_misc_feat_plants, corexii_item_surrounded_by_moat,
          evilmike_ruin_ashenzari
D:2:      lemuel_doored_altar, lemuel_blue_sif_altar, ecumenical_altar_1,
          nicolae_ru_sacrificial_ziggurat
D:3:      feat_on_display, uniq_jessica
D:4:      grunt_dithmenos_shadows, amethyst_overflow_temple_binary, first_bread,
          uniq_eustachio
D:5:      lemuel_round_altar, chequers_temple_overflow_minitemple,
          kennysheep_windowed_goal
D:6:      uniq_blork_the_orc
D:8:      lair_0_dummy
D:9:      grunt_pizzeria, tso_altar, uniq_erica
D:10:     david_orc_3
D:11:     kennysheep_ambush_hall, special_room, uniq_snorg
D:12:     serial_shops, bzr_in_the_mist, feat_on_display
D:13:     basic_altar
D:14:     david_vaults_4, basic_altar, nrook_uturn, kennysheep_dice
D:15:     grunt_enter_depths_hoard, serial_bayou, serial_bayou_ford_a,
          serial_bayou_pond_c, serial_bayou_pond_e, serial_bayou_shore_b,
          uniq_agnes
Lair:1:   grunt_forest_large_clearing_hut
Lair:2:   elwin_shoals_entry_rocks, st_stairs_11
Lair:3:   grunt_forest_large_clearings, serial_bayou_shore_a
Lair:4:   dummy_spider_entry, kilobyte_rumbling_trees
Lair:5:   dpeg_oklob_gauntlet, enter_volcano_3, minmay_holes,
          serial_bayou_lake_a
Lair:6:   guppyfry_lair_end_dragon, hangedman_lair_caniforms_friends,
          minmay_slime_entry_eyes
Shoals:1: st_cyclops
Spider:1: minivault_29
Spider:2: hangedman_spider_tarantella_strand
Orc:1:    uniq_fannar, uniq_erolcha, uniq_urug
Orc:2:    st_orc_pillars, serial_shops, nicolae_shop_waterfront, shop_fountains
Elf:1:    minmay_elf_necromancy
Elf:2:    serial_shops, nicolae_shop_crystal
Depths:1: grunt_metal_band, minmay_misc_feat_iff,
          hangedman_abyss_or_decor_clamps, minislime_mu, uniq_enchantress,
          uniq_asterion, uniq_bai_suzhen
Bazaar:   bazaar_lake
Volcano:  volcano_grotto

Skill      XL: |  1  2  3  4  5  6  7  8  9 10 11 12 13 14 15 |
---------------+----------------------------------------------+-----
Conjurations   | 4 5 6 7 8 10 11 | 11.1
Spellcasting   | 3 4 5 6 7 8 9 10 | 10.2
Charms         | 1 6 10 | 10.1
Fighting       | 4 5 7 9 11 12 | 12.0
Dodging        | 6 9 11 13 15 | 15.0
Stealth        | 6 10 11 | 11.0
Unarmed Combat | 8 |  8.3
Earth Magic    | 3 9 |  9.0
Transmutations | 11 10 | 11.2

Action                   |  1- 3 |  4- 6 |  7- 9 | 10-12 | 13-15 || total
-------------------------+-------+-------+-------+-------+-------++-------
Melee: Unarmed           |       |     1 |       |   123 |   428 ||   552
       Bite              |       |       |       |    28 |    45 ||    73
       Punch             |       |       |       |       |    15 ||    15
 Cast: Magic Dart        |    53 |    73 |   204 |   382 |  1139 ||  1851
       Searing Ray       |     8 |    26 |    41 |     8 |    12 ||    95
       Iskenderun's Batt |       |       |    17 |    84 |   285 ||   386
       Iskenderun's Myst |       |       |     3 |    41 |   397 ||   441
       Confusing Touch   |       |       |       |       |    16 ||    16
       Regeneration      |       |       |       |       |    25 ||    25
       Statue Form       |       |       |       |       |    11 ||    11
       Blade Hands       |       |       |       |       |     8 ||     8
Invok: Divine Energy     |       |       |       |       |     5 ||     5
       Stop Divine Energ |       |       |       |       |     4 ||     4
Evoke: Wand              |       |       |       |       |    15 ||    15
  Use: Potion            |       |     1 |     3 |       |    10 ||    14
       Scroll            |       |     2 |       |    12 |    26 ||    40
 Stab: Sleeping          |       |       |       |       |     5 ||     5
       Confused          |       |       |       |       |     4 ||     4
  Eat: Chunk             |    10 |     5 |    13 |    34 |   136 ||   198
Armor: Skin              |     1 |     4 |     3 |     3 |   174 ||   185
Dodge: Dodged            |     5 |    53 |    57 |    78 |  1416 ||  1609
